 Dungeon Crawl Stone Soup version 0.28-a0-1167-g616b1c6417 (webtiles) character file.

Game seed: 6547293955702662892

6424 Lavandula the Grappler (level 11, -2/75 (80) HPs)
             Began as a Formicid Transmuter on Dec 16, 2021.
             Was a Priest of Ru.
             Slain by an orc warrior (22 damage)
             ... on level 9 of the Dungeon.
             The game lasted 00:19:35 (12296 turns).

Lavandula the Grappler (Formicid Transmuter)       Turns: 12296, Time: 00:19:36

HP:   -2/75 (80)    AC:  6    Str: 14    XL:     11   Next: 18%
MP:   15/15         EV: 14    Int: 16    God:    Ru [***...]
Gold: 344           SH:  5    Dex: 11    Spells: 4/15 levels left

rFire   . . .      SeeInvis +     - Unarmed
rCold   . . .      Faith    .   (shield unavailable)
rNeg    . . .      Spirit   .   a - +0 robe
rPois   .          Reflect  +   (helmet unavailable)
rElec   .          Harm     .   (no cloak)
rCorr   .          Rampage  .   (no gloves)
Will    +....                   (no boots)
Stlth   +.........              n - amulet of reflection
HPRegen 0.22/turn               (ring unavailable)
MPRegen 0.14/turn               q - +4 ring of protection

@: exhausted, drained
A: permanent stasis, dig shafts and tunnels, antennae 3, weak 1, missing a hand,
four strong arms, MP-powered wands
a: Dig, Shaft Self, Renounce Religion, Draw Out Power


You were on level 9 of the Dungeon.
You worshipped Ru.
Ru was most pleased with you.
You visited 2 branches of the dungeon, and saw 10 of its levels.
You also visited: Sewer.

You collected 740 gold pieces.
You spent 396 gold pieces at shops.

Inventory:

Missiles
 f - 4 javelins
Armour
 a - a +0 robe (worn)
Jewellery
 n - an amulet of reflection (around neck)
 q - a +4 ring of protection (right hand)
Wands
 c - a wand of mindburst (31)
 g - a wand of digging (5)
Scrolls
 d - 2 scrolls of silence {unknown}
 h - 2 scrolls of vulnerability
 j - 2 scrolls of fog
 l - 2 scrolls of enchant armour
 m - a scroll of enchant weapon
 o - 3 scrolls of acquirement {unknown}
 p - a scroll of brand weapon {unknown}
 r - a scroll of holy word
 s - a scroll of fear {unknown}
 t - a scroll of magic mapping {unknown}
Potions
 b - a potion of might {unknown}
 e - 3 potions of haste
 k - a potion of resistance
 u - a potion of brilliance {unknown}


   Skills:
 - Level 5.2 Fighting
 - Level 7.5 Dodging
 - Level 12.2 Unarmed Combat
 + Level 2.9 Spellcasting
 - Level 5.0 Transmutations
 - Level 3.0 Ice Magic
 - Level 3.0 Poison Magic


You had 4 spell levels left.
You knew the following spells:

 Your Spells              Type           Power      Damage    Failure   Level
a - Beastly Appendage     Tmut           36%        N/A       2%          1
b - Wereblood             Tmut           18%        N/A       3%          2
c - Spider Form           Tmut/Pois      15%        N/A       11%         3
d - Ice Form              Ice/Tmut       15%        N/A       34%         4
e - Apportation           Tloc           4%         N/A       19%         1

Your spell library contained the following spells:

 Spells                   Type           Power      Damage    Failure   Level
 Ensorcelled Hibernation  Hex/Ice        14%        N/A       16%         2
 Animate Skeleton         Necr           4%         N/A       19%         1
 Summon Small Mammal      Summ           8%         N/A       19%         1
 Summon Lightning Spire   Summ/Air       2%         N/A       88%         4
 Storm Form               Tmut/Air       5%         N/A       100%        7
 Maxwell's Capacitive Co  Air            1%         ∞         100%        8


Dungeon Overview and Level Annotations

Branches:
Dungeon (9/15)             Temple (1/1) D:4            Lair (0/6) D:9
  Sewer (visited)
    Orc: D:9-12

Altars:
Ashenzari
Cheibriados
Dithmenos
Elyvilon
Fedhas
Gozag
Hepliaklqana
Kikubaaqudgha
Makhleb
Nemelex Xobeh
Okawaru
Qazlal
Ru
Sif Muna
Trog
Uskayaw
Vehumet
Wu Jian
Xom
Yredelemnul
Zin
The Shining One

Shops:
D:5 =((

Annotations:
D:7 2 transporters


Innate Abilities, Weirdness & Mutations

You cannot be hasted, slowed, berserked, paralysed or teleported.
You can dig through walls and to a lower floor.
You have a pair of large antennae on your head. (SInv)
You are weak. (Str -2)
You are missing a hand.
Your four strong arms can wield two-handed weapons with a shield.
You expend magic power (3 MP) to strengthen your wands.


Message History

You feel very sick.
A howler monkey comes into view.
You are restored by drawing out deep reserves of power within.
You feel drained.
You feel very sick.
The howler monkey howls!
You hear a shout!
The water moccasin bites you but does no damage.
The water moccasin completely misses you.
The orc wizard hits you but does no damage.
The orc warrior hits you from afar with a +1 glaive of freezing!
The orc warrior freezes you.
You focus your inner power and illuminate the orc warrior in retribution!
You feel better. The water moccasin bites you!
The howler monkey hoots and howls with incredible vigour!
The orc wizard completely misses you. You block the orc warrior's attack.
You hear two shouts!
Unknown command.
The water moccasin misses you.
The orc wizard gestures at you while chanting.
The puff of flame hits you!
* * * LOW HITPOINT WARNING * * *
Unknown command.
The howler monkey completely misses you.
The howler monkey barely misses you.
Found a scroll of enchant weapon.
The orc warrior stops glowing.
The water moccasin closely misses you.
The orc warrior looks more healthy.
A centaur zombie comes into view.
Okay, then.
Unknown command.
Are you sure you want to shaft yourself?
The water moccasin is stunned by your conviction and fails to attack.
The water moccasin misses you.
You begin to dig a shaft.
You continue digging a shaft.
The water moccasin is stunned by your conviction and fails to attack.
The water moccasin closely misses you.
The orc wizard casts a spell.
The orc wizard flickers and vanishes for a moment.
The orc warrior hits you from afar with a +1 glaive of freezing!!
You die...

.....................
....................
.........(...###...#
#####...###### #....
#o..# #.... ###.#.##
##.## #ho....# #.##
#S#....# #...
#@##.#.# #.##
#.......?#[# #.##
#.###.####.. #<.. #.#
.{. #### ?Z. {.. #..
.#. . .#


You could see an orc warrior, a water moccasin, a howler monkey, an orc wizard
(invisible) and a centaur zombie (wandering).

Vanquished Creatures
  2 two-headed ogres
  A komodo dragon (D:9)
  Prince Ribbit (D:5)
  A wyvern (D:8)
  4 yaks (D:9)
  A swamp worm (D:7)
  4 water moccasins
  Duvessa (D:5)
  Pargi (Sewer)
  An ice beast (D:6)
  2 orc warriors
  A sky beast (D:7)
  4 ogres
  4 centaurs
  2 kobold brigands (D:8)
  3 bullfrogs
  4 scorpions
  A wyvern skeleton (D:6)
  Dowan (D:5)
  4 killer bees (D:8)
  4 howler monkeys
  12 hounds
  A centaur skeleton (D:7)
  2 centaur zombies
  8 orc priests
  A jelly (D:7)
  A bullfrog skeleton (D:6)
  Jessica (D:2)
  2 iguanas
  8 orc wizards
  A hound skeleton (D:4)
  A howler monkey zombie (D:8)
  8 adders
  11 gnolls
  2 white imps (D:7)
  2 ufetubi
  4 dart slugs
  20 orcs
  12 ball pythons
  3 bats
  10 endoplasms
  2 giant cockroaches
  7 hobgoblins
  2 jackals (D:1)
  A quokka (D:4)
  6 frilled lizards
  7 goblins
  18 kobolds
  7 rats
207 creatures vanquished.

Vanquished Creatures (others)
  37 fungi (D:9)
  46 plants
83 creatures vanquished.

Grand Total: 290 creatures vanquished

Notes
Turn   | Place    | Note
-------+----------+-------------------------------------------
     0 | D:1      | Lavandula the Formicid Transmuter began the quest for the
                  | Orb.
     0 | D:1      | Reached XP level 1. HP: 15/15 MP: 3/3
   247 | D:1      | Reached XP level 2. HP: 18/21 MP: 3/5
   250 | D:1      | Learned a level 2 spell: Wereblood
   979 | D:1      | Reached XP level 3. HP: 26/26 MP: 6/6
   983 | D:1      | Learned a level 3 spell: Spider Form
  1078 | D:1      | Reached skill level 1 in Poison Magic
  1334 | D:2      | Noticed Jessica
  1349 | D:2      | Killed Jessica
  1350 | D:2      | Reached XP level 4. HP: 21/32 MP: 3/7
  2275 | D:3      | Reached XP level 5. HP: 31/37 MP: 8/8
  2489 | D:3      | Reached skill level 5 in Transmutations
  3023 | D:3      | Reached XP level 6. HP: 40/43 MP: 5/9
  3356 | D:4      | Reached skill level 4 in Unarmed Combat
  3411 | D:4      | Found a glowing drain.
  3426 | Sewer    | Entered a sewer
  3597 | Sewer    | Noticed Pargi
  3618 | Sewer    | Killed Pargi
  3619 | Sewer    | Reached skill level 5 in Unarmed Combat
  3922 | D:4      | Reached XP level 7. HP: 24/48 MP: 8/10
  4140 | D:4      | Learned a level 4 spell: Ice Form
  4502 | D:4      | Found a staircase to the Ecumenical Temple.
  4524 | Temple   | Entered the Ecumenical Temple
  4717 | Temple   | Became a worshipper of Ru the Awakened
  5218 | D:5      | Entered Level 5 of the Dungeon
  5218 | D:5      | Found Subrun's Antique Weapon Boutique.
  5320 | D:5      | Reached skill level 6 in Unarmed Combat
  5599 | D:5      | Found Daetaub's Weapon Shoppe.
  5627 | D:5      | Gained mutation: You expend magic power (3 MP) to
                  | strengthen your wands. [potion of mutation]
  5632 | D:5      | Reached XP level 8. HP: 14/54 MP: 11/11
  5829 | D:5      | Reached skill level 7 in Unarmed Combat
  6111 | D:5      | Noticed Prince Ribbit
  6123 | D:5      | Killed Prince Ribbit
  6324 | D:5      | Found Tixkuhi's Jewellery Boutique.
  6475 | D:5      | Noticed Dowan
  6475 | D:5      | Noticed Duvessa
  6493 | D:5      | Killed Duvessa
  6494 | D:5      | Reached skill level 8 in Unarmed Combat
  6496 | D:5      | Killed Dowan
  6973 | D:5      | Learned a level 1 spell: Apportation
  7314 | D:6      | Reached skill level 9 in Unarmed Combat
  7314 | D:6      | Reached XP level 9. HP: 53/59 MP: 5/12
  7314 | D:6      | Gained mutation: You are missing a hand. [Ru sacrifice]
  7314 | D:6      | Reached * piety under Ru
  7314 | D:6      | Reached ** piety under Ru
  7314 | D:6      | Reached *** piety under Ru
  7607 | D:6      | Found an ancient bone altar of Kikubaaqudgha.
  7610 | D:6      | Found a hide-covered altar of Uskayaw.
  7613 | D:6      | Found a shadowy altar of Dithmenos.
  7616 | D:6      | Found an opulent altar of Gozag.
  7881 | D:6      | Noticed a two-headed ogre
  7895 | D:6      | Killed a two-headed ogre
  7896 | D:6      | Reached skill level 10 in Unarmed Combat
  8904 | D:7      | Found a transporter.
  9082 | D:5      | Bought a +4 ring of protection for 396 gold pieces
  9285 | D:7      | Noticed a kobold demonologist
  9384 | D:7      | Noticed a kobold demonologist
  9394 | D:7      | Found a transporter.
  9715 | D:7      | Reached skill level 5 in Fighting
  9715 | D:7      | Reached XP level 10. HP: 64/74 MP: 9/13
 10540 | D:8      | Reached skill level 5 in Dodging
 10853 | D:8      | Gained mutation: You are weak. (Str -2) [Ru sacrifice]
 11504 | D:8      | Noticed a two-headed ogre
 11522 | D:8      | Killed a two-headed ogre
 11619 | D:8      | Reached skill level 11 in Unarmed Combat
 11861 | D:9      | Reached XP level 11. HP: 75/80 MP: 10/14
 11910 | D:9      | Found a staircase to the Lair.
 11941 | D:9      | Reached skill level 12 in Unarmed Combat
 12296 | D:9      | Slain by an orc warrior

Illustrated notes

Levels and vault maps discovered:
D:1:      dpeg_arrival_pond, layout_basic, lemuel_old_faithful
D:2:      layout_basic, uniq_jessica
D:3:      layout_loops_ring
D:4:      layout_basic, minmay_temple_entry_waves, portal_sewer_entry_c
D:5:      layout_layer_cave, serial_shops, nicolae_shop_stone,
          nicolae_shop_stone, shop_statue, minmay_misc_feat_square,
          uniq_duvessa, uniq_prince_ribbit1
D:6:      layout_basic, grunt_temple_overflow_cloverleaf
D:7:      gammafunk_wand_slinger, layout_basic, worms_lemuel
D:8:      kennysheep_housing_project, layout_gridville
D:9:      layout_loops_cross, due_lair_maze_entry_diamond, orc_0_dummy,
          minmay_mirror_moons_of_madness
Temple:   dpeg_five_rooms_temple

Skill      XL: |  1  2  3  4  5  6  7  8  9 10 11 |
---------------+----------------------------------+-----
Poison Magic   | 3 |  3.0
Transmutations | 3 5 |  5.0
Unarmed Combat | 5 6 9 10 11 12 | 12.2
Ice Magic      | 3 |  3.0
Fighting       | 5 |  5.2
Dodging        | 7 |  7.5
Spellcasting   | |  2.9

Action                   |  1- 3 |  4- 6 |  7- 9 | 10-12 || total
-------------------------+-------+-------+-------+-------++-------
Melee: Dagger            |    71 |    80 |    32 |       ||   183
       Unarmed           |     8 |    73 |   162 |   194 ||   437
       Kick              |     7 |     7 |       |       ||    14
       Punch             |     1 |       |       |       ||     1
Throw: Throwing net      |       |       |     1 |       ||     1
 Cast: Beastly Appendage |     9 |     6 |       |       ||    15
       Spider Form       |     1 |    16 |    30 |    22 ||    69
       Ice Form          |       |       |     5 |     3 ||     8
Invok: Draw Out Power    |       |       |     2 |     5 ||     7
       Sacrifice a Hand  |       |       |     1 |       ||     1
       Sacrifice Purity  |       |       |       |     1 ||     1
 Abil: End Transformatio |       |       |       |     2 ||     2
       Shaft Self        |       |       |       |     1 ||     1
  Use: Scroll            |       |     4 |     4 |       ||     8
       Potion            |       |       |     5 |     1 ||     6
 Stab: Sleeping          |     1 |     2 |       |       ||     3
       Distracted        |       |       |       |     1 ||     1
Armor: Robe              |    10 |    18 |    11 |    12 ||    51
       Skin              |       |     1 |    38 |    35 ||    74
Dodge: Dodged            |    54 |   119 |   103 |   162 ||   438
Block: Other             |       |    32 |    49 |    50 ||   131
       Reflection        |       |       |     4 |     3 ||     7

Table legend: (Time is in decaauts)
 A = Elapsed time spent in this place.
 B = Non-inter-level travel time spent in this place.
 C = Inter-level travel time spent in this place.
 D = Time resting spent in this place.
 E = Time spent auto-exploring this place.
 F = Levels seen in this place.
 G = Mean time per level.
                   A        B        C        D        E       F      G
               +--------+--------+--------+--------+--------+-----+--------+
         Total |  12274 |  11670 |    604 |    809 |   9003 |  11 | 1115.8 |
       Dungeon |  11578 |  11002 |    576 |    591 |   8693 |   9 | 1286.4 |
        Temple |    222 |    194 |     28 |      0 |    181 |   1 |  222.0 |
         Sewer |    473 |    473 |      0 |    218 |    128 |   1 |  473.0 |
               +--------+--------+--------+--------+--------+-----+--------+

Top non-repeatable levels by time:
     D:5: 2090 daAuts
     D:8: 1717 daAuts
     D:6: 1407 daAuts
     D:1: 1297 daAuts
     D:4: 1253 daAuts
     D:7: 1233 daAuts
     D:3: 1120 daAuts
     D:2: 874 daAuts
     D:9: 582 daAuts
   Sewer: 473 daAuts
  Temple: 222 daAuts
